 Dungeon Crawl Stone Soup version 0.31-a0-963-ga325b2283a (webtiles) character file.

Game seed: 13623704890819682550

79 lessens the Ducker (level 4, -1/40 HPs)
             Began as a Gnoll Gladiator on Oct 26, 2023.
             Slain by a black bear (2 damage)
             ... on level 2 of the Dungeon.
             The game lasted 00:01:12 (1079 turns).

lessens the Ducker (Gnoll Gladiator)                Turns: 1079, Time: 00:01:12

Health: -1/40      AC:  4    Str: 15    XL:     4   Next: 37%
Magic:  4/9        EV: 15    Int:  7    God:
Gold:   0          SH:  0    Dex: 14    Spells: 10/10 levels left

rFire   . . .        a - +0 war axe
rCold   . . .        (no shield)
rNeg    . . .        b - +0 leather armour
rPois   .            c - +0 helmet
rElec   .            (no cloak)
rCorr   .            (no gloves)
SInv    .            (no boots)
Will    .....        (no amulet)
Stlth   ++           (no ring)
HPRegen 0.26/turn    (no ring)
MPRegen 0.11/turn

%: no passive effects
@: mighty
A: fangs 1, strong nose, distributed training
a: no special abilities


You were on level 2 of the Dungeon.
You visited 1 branch of the dungeon, and saw 2 of its levels.

Inventory:

Hand Weapons
 a - a +0 war axe (weapon)
Missiles
 e - a javelin
 f - 11 stones
Armour
 b - a +0 leather armour (worn)
 c - a +0 helmet (worn)
Scrolls
 g - a scroll of silence {unknown}
 i - a scroll of torment {unknown}
 j - a scroll of immolation {unknown}
 k - a scroll of enchant weapon {unknown}


   Skills:
 + Level 6.0 Fighting
 + Level 3.8 Short Blades
 + Level 3.8 Long Blades
 + Level 7.6 Axes
 + Level 3.8 Maces & Flails
 + Level 3.8 Polearms
 + Level 3.8 Staves
 + Level 3.8 Ranged Weapons
 + Level 6.0 Throwing
 + Level 3.8 Armour
 + Level 7.6 Dodging
 + Level 3.8 Stealth
 + Level 3.8 Shields
 + Level 3.8 Unarmed Combat
 + Level 3.8 Spellcasting
 + Level 3.1 Conjurations
 + Level 3.1 Hexes
 + Level 3.1 Summonings
 + Level 3.1 Necromancy
 + Level 3.1 Translocations
 + Level 3.1 Transmutations
 + Level 3.1 Fire Magic
 + Level 3.1 Ice Magic
 + Level 3.1 Air Magic
 + Level 3.1 Earth Magic
 + Level 3.1 Poison Magic
 + Level 4.1 Invocations
 + Level 3.8 Evocations
 + Level 3.4 Shapeshifting


You had 10 spell levels left.
You didn't know any spells.
Your spell library was empty.

Dungeon Overview and Level Annotations

Branches:
Dungeon (2/15) Zot: 10909

Altars:


Innate Abilities, Weirdness & Mutations

You have very sharp teeth.
Your uncanny sense of smell can sniff out nearby items.
Your experience applies equally to all skills.


Message History

Your Throwing skill gained 2 levels and is now at level 6!
Your Armour skill gained 3 levels and is now at level 3!
Your Dodging skill increases to level 7!
Your Stealth skill gained 3 levels and is now at level 3!
Your Shields skill gained 3 levels and is now at level 3!
Your Unarmed Combat skill gained 3 levels and is now at level 3!
Your Spellcasting skill gained 3 levels and is now at level 3!
Your Conjurations skill gained 3 levels and is now at level 3!
Your Hexes skill gained 3 levels and is now at level 3!
Your Summonings skill gained 3 levels and is now at level 3!
Your Necromancy skill gained 3 levels and is now at level 3!
Your Translocations skill gained 3 levels and is now at level 3!
Your Transmutations skill gained 3 levels and is now at level 3!
Your Fire Magic skill gained 3 levels and is now at level 3!
Your Ice Magic skill gained 3 levels and is now at level 3!
Your Air Magic skill gained 3 levels and is now at level 3!
Your Earth Magic skill gained 3 levels and is now at level 3!
Your Poison Magic skill gained 3 levels and is now at level 3!
Your Invocations skill gained 3 levels and is now at level 4!
Your Evocations skill gained 3 levels and is now at level 3!
Your Shapeshifting skill gained 3 levels and is now at level 3!
You have reached level 4!
You feel agile. The black bear bites you. The black bear misses you.
The black bear claws you.
* * * LOW HITPOINT WARNING * * *
The black bear closely misses you.
The black bear claws you but does no damage.
The black bear claws you.
* * * LOW HITPOINT WARNING * * *
It was a potion of might.
You feel very mighty all of a sudden. The black bear bites you.
* * * LOW HITPOINT WARNING * * *
The black bear claws you.
* * * LOW HITPOINT WARNING * * *
The black bear closely misses you.
You completely miss the black bear. You bite the black bear!
The black bear is almost dead.
The black bear bites you.
You die...

#.# ###.## # .... . #..# .#
#..##.#### #.# #.)[......
#.# #.......$. #.#
#.#####..##.#.#. #.#
#.(..@hS...(# #.#
########..### #.#
#####..###.# ##.#
#..........#
##†.########.##.#.#####
##..#.........##.#.#####.
###..###.#####..##.........#
......#......#..##<..#######
.......##............#


You could see a black bear (berserk) and an adder.

Vanquished Creatures
  A gnoll (D:1)
  A worm (D:2)
  4 endoplasms (D:1)
  2 giant cockroaches (D:1)
  A hobgoblin (D:2)
  5 ball pythons (D:1)
  4 bats
  3 frilled lizards (D:1)
  A kobold (D:2)
  5 rats (D:1)
27 creatures vanquished.

Notes
Turn   | Place    | Note
-------+----------+-------------------------------------------
     0 | D:1      | lessens the Gnoll Gladiator began the quest for the Orb.
     0 | D:1      | Reached XP level 1. HP: 20/20 MP: 1/1
   177 | D:1      | Reached XP level 2. HP: 26/26 MP: 2/2
   589 | D:1      | Reached XP level 3. HP: 31/31 MP: 3/3
  1022 | D:2      | Reached skill level 1 in Invocations
  1061 | D:2      | Noticed a black bear
  1077 | D:2      | Reached XP level 4. HP: 15/40 MP: 4/9
  1078 | D:2      | HP: 1/40 [black bear (2)]
  1079 | D:2      | Slain by a black bear

Illustrated notes

Levels and vault maps discovered:
D:1:      erik_arrival_triangle_large, layout_basic, serial_park_tiny_1
D:2:      layout_loops_ring

Skill      XL: |  1  2  3 |
---------------+----------+-----
Invocations    | 4 |  4.1
Fighting       | 6 |  6.0
Short Blades   | 3 |  3.8
Long Blades    | 3 |  3.8
Axes           | 7 |  7.6
Maces & Flails | 3 |  3.8
Polearms       | 3 |  3.8
Staves         | 3 |  3.8
Ranged Weapons | 3 |  3.8
Throwing       | 6 |  6.0
Armour         | 3 |  3.8
Dodging        | 7 |  7.6
Stealth        | 3 |  3.8
Shields        | 3 |  3.8
Unarmed Combat | 3 |  3.8
Spellcasting   | 3 |  3.8
Conjurations   | 3 |  3.1
Hexes          | 3 |  3.1
Summonings     | 3 |  3.1
Necromancy     | 3 |  3.1
Translocations | 3 |  3.1
Transmutations | 3 |  3.1
Fire Magic     | 3 |  3.1
Ice Magic      | 3 |  3.1
Air Magic      | 3 |  3.1
Earth Magic    | 3 |  3.1
Poison Magic   | 3 |  3.1
Evocations     | 3 |  3.8
Shapeshifting  | 3 |  3.4

Action                     |  1- 3 |  4- 6 || total
---------------------------+-------+-------++-------
  Melee: War axe           |    66 |     1 ||    67
         Bite              |     5 |     1 ||     6
  Throw: Throwing net      |     3 |       ||     3
    Use: Potion            |     1 |     1 ||     2
   Stab: Sleeping          |     3 |       ||     3
         Held in net/web   |     1 |       ||     1
 Armour: Leather armour    |    37 |     7 ||    44
  Dodge: Dodged            |    53 |     3 ||    56

Table legend: (Time is in decaauts)
 A = Elapsed time spent in this place.
 B = Non-inter-level travel time spent in this place.
 C = Inter-level travel time spent in this place.
 D = Time resting spent in this place.
 E = Time spent auto-exploring this place.
 F = Levels seen in this place.
 G = Mean time per level.
                   A        B        C        D        E       F      G
               +--------+--------+--------+--------+--------+-----+--------+
         Total |   1089 |    976 |    113 |      0 |    796 |   2 |  544.5 |
       Dungeon |   1089 |    976 |    113 |      0 |    796 |   2 |  544.5 |
               +--------+--------+--------+--------+--------+-----+--------+

Top non-repeatable levels by time:
     D:1: 980 daAuts
     D:2: 109 daAuts

Levels and vault maps discovered:
D:1:      erik_arrival_triangle_large, layout_basic, serial_park_tiny_1
D:2:      layout_loops_ring
